 Dungeon Crawl Stone Soup version 0.25.0-15-gac7dcb8 (webtiles) character file.

Game seed: 3944459803384772178

95 ChodeyFoster the Chopper (level 4, -10/39 HPs)
             Began as a Minotaur Berserker on June 30, 2020.
             Was a Believer of Trog.
             Killed from afar by Maggie (20 damage)
             ... with a bolt of fire
             ... on level 6 of the Dungeon.
             The game lasted 00:03:37 (2094 turns).

ChodeyFoster the Chopper (Minotaur Berserker)       Turns: 2094, Time: 00:03:38

Health: -10/39     AC:  9    Str: 22    XL:     4   Next: 40%
Magic:  3/3        EV: 11    Int:  4    God:    Trog [**....]
Gold:   127        SH:  0    Dex: 10    Spells: 3/3 levels left

rFire    . . .     SeeInvis .   a - +1 hand axe
rCold    . . .     Gourm    .   (no shield)
rNeg     . . .     Faith    .   f - +0 ring mail
rPois    .         Spirit   .   (helmet restricted)
rElec    .         Reflect  .   (no cloak)
rCorr    .         Harm     .   (no gloves)
MR       ++...                  (no boots)
Stlth    ..........             (no amulet)
HPRegen  1.13/turn              i - +4 ring of protection
MPRegen  0.08/turn              j - ring of flight

@: stab, regenerating (expiring), lightly drained
A: retaliatory headbutt, horns 2
a: Berserk, Trog's Hand, Renounce Religion, Evoke Flight


You were on level 6 of the Dungeon.
You worshipped Trog.
Trog was pleased with you.
You were not hungry.

You visited 1 branch of the dungeon, and saw 4 of its levels.

You collected 127 gold pieces.

Inventory:

Hand Weapons
 a - a +1 hand axe (weapon)
Armour
 b - a +0 animal skin
 f - a +0 ring mail (worn)
Jewellery
 i - a +4 ring of protection (left hand)
 j - a ring of flight (right hand)
Scrolls
 d - a scroll of enchant weapon
 e - a scroll of identify
Potions
 g - a potion of degeneration {unknown}
 h - a potion of flight
Comestibles
 c - 8 rations
 k - 2 chunks of flesh


   Skills:
 - Level 3.6(3.1) Fighting
 + Level 6.3(5.8) Axes
 - Level 2.4(1.9) Armour
 - Level 2.1(1.7) Dodging


You had 3 spell levels left.
You didn't know any spells.
Your spell library was empty.

Dungeon Overview and Level Annotations

Branches:
Dungeon (3/15)

Altars:

Annotations:
D:6 Maggie


Innate Abilities, Weirdness & Mutations

You reflexively headbutt those who attack you in melee.
You have a pair of horns on your head.


Message History

* * * LOW HITPOINT WARNING * * *
You feel drained.
* * * LOW HITPOINT WARNING * * *
The hound closely misses you.
You are too mesmerised to rage.
You hit Maggie but do no damage. You headbutt Maggie.
Maggie is lightly wounded.
You hit the hound but do no damage. The hound closely misses you.
Maggie hits you with a +1 war axe of draining.
* * * LOW HITPOINT WARNING * * *
You feel drained.
It was a potion of stabbing.
You feel ready to backstab.
You break out of your daze.
You feel the effects of Trog's Hand fading.
The hound closely misses you. Maggie casts a spell at you.
The bolt of fire hits you!!
Ouch! That really hurt!
You die...

#. .# ##.####
.# #..#.......
..#
#P.#.#....##
..#
....#.....##..#
......$.......#
#......@....#
#....@.....#
##...h.##..#
#.#...## .# ..
##.## # . #.#
#.# #.# ... #.#


You could see Maggie and a hound.

Vanquished Creatures
  4 adders
  6 worms (D:2)
  A leopard gecko (D:1)
  4 giant cockroaches
  5 hobgoblins
  2 bats
  3 frilled lizards
  4 goblins
  7 kobolds
  9 rats
45 creatures vanquished.

Notes
Turn   | Place    | Note
-------+----------+-------------------------------------------
     0 | D:1      | ChodeyFoster the Minotaur Berserker began the quest for the
                  | Orb.
     0 | D:1      | Reached XP level 1. HP: 19/19 MP: 0/0
   121 | D:1      | Reached skill level 4 in Axes
   336 | D:1      | Reached XP level 2. HP: 26/26 MP: 1/1
   892 | D:2      | Reached skill level 5 in Axes
   892 | D:2      | Reached XP level 3. HP: 24/31 MP: 2/2
  1721 | D:2      | Reached skill level 6 in Axes
  1721 | D:2      | Reached XP level 4. HP: 35/39 MP: 3/3
  1782 | D:2      | Reached ** piety under Trog
  2082 | D:3      | You fall into a shaft and drop 3 floors!
  2082 | D:6      | Noticed Maggie
  2094 | D:6      | Killed from afar by Maggie

Illustrated notes

Levels and vault maps discovered:
D:1:      sevenhm_arrival_forest_fort_small_5, layout_loops_ring
D:2:      layout_basic
D:3:      layout_rooms, uniq_jessica
D:6:      corexii_shantytown, layout_loops_ring, uniq_maggie

Skill      XL: |  1  2  3 |
---------------+----------+-----
Axes           | 4 5 6 |  6.3
Fighting       | |  3.6
Armour         | |  2.4
Dodging        | |  2.1

Action                   |  1- 3 |  4- 6 || total
-------------------------+-------+-------++-------
Melee: Hand axe          |    82 |    23 ||   105
       Headbutt          |    10 |     4 ||    14
Invok: Trog's Hand       |       |     1 ||     1
  Use: Scroll            |     4 |     1 ||     5
       Potion            |       |     1 ||     1
  Eat: Chunk             |     2 |     2 ||     4
Armor: Animal skin       |    23 |     5 ||    28
       Ring mail         |       |     3 ||     3
Dodge: Dodged            |    34 |    13 ||    47
